 Dungeon Crawl Stone Soup version 0.31.0-11-ge490571c62 (webtiles) character file.

Game seed: 14006513695228584708

2734 qw the Markself (level 9, 0/52 HPs)
             Began as a Deep Elf Hunter on Feb 3, 2024.
             Was a Follower of Okawaru.
             Succumbed to a kobold brigand's poison
             ... on level 7 of the Dungeon.
             The game lasted 00:01:40 (6783 turns).

qw the Markself (Deep Elf Hunter)                   Turns: 6783, Time: 00:01:40

Health: 0/52       AC: 11    Str: 12    XL:     9   Next: 40%
Magic:  11/11      EV: 10    Int: 15    God:    Okawaru [*.....]
Gold:   356        SH:  0    Dex: 18    Spells: 8/8 levels left

rFire   . . .        h - +0 orcbow
rCold   . . .        (shield currently unavailable)
rNeg    . . .        g - +0 scale mail
rPois   .            d - +2 helmet {SInv}
rElec   .            (no cloak)
rCorr   .            a - +1 pair of gloves
SInv    +            (no boots)
Will    .....        (no amulet)
Stlth   +            (no ring)
HPRegen 0.28/turn    (no ring)
MPRegen 0.12/turn

%: no passive effects
@: lethally poisoned (0 -> -2)
A: no striking features
a: Renounce Religion, Heroism


You were on level 7 of the Dungeon.
You worshipped Okawaru.
Okawaru was aware of your devotion.
You visited 2 branches of the dungeon, and saw 8 of its levels.
You also visited: Sewer.

You collected 356 gold pieces.


   Skills:
 - Level 4.2 Fighting
 + Level 15.1 Ranged Weapons
 - Level 2.4 Armour
 - Level 4.2 Dodging
 - Level 1.2 Stealth
 + Level 0.6 Invocations


You had 8 spell levels left.
You didn't know any spells.
Your spell library was empty.

Inventory:

Hand Weapons
 h - a +0 orcbow (weapon)
Armour
 a - a +1 pair of gloves (worn)
 d - a +2 helmet of see invisible (worn)
 g - a +0 scale mail (worn)
 q - a +0 ring mail
Jewellery
 k - a ring of see invisible
Wands
 p - a wand of roots (9)
Scrolls
 i - a scroll of revelation {unknown}
 m - a scroll of summoning {unknown}
 n - 2 scrolls of identify
Potions
 b - 2 potions of might
 c - a potion of mutation
 e - a potion of resistance
 f - a potion of cancellation
 l - a potion of enlightenment {unknown}

Dungeon Overview and Level Annotations

Branches:
Dungeon (7/15)             Temple (1/1) D:5           Sewer (visited)

Altars:
Ashenzari
Dithmenos
Elyvilon
Hepliaklqana
Kikubaaqudgha
Makhleb
Nemelex Xobeh
Okawaru
Qazlal
Ru
Sif Muna
Trog
Uskayaw
Vehumet
Wu Jian
Yredelemnul
The Shining One

Annotations:
D:4 3 runed translucent doors, qw's ghost, amateur DEHu; qw's ghost, amateur SpHu; qw's ghost, novice SpHu


Message History

The arrow hits the kobold brigand!
The kobold brigand is moderately wounded.
You feel very sick.
The electric eel shoots out a bolt of lightning at you!
The bolt of electricity hits the plant!
The bolt of electricity hits you. The kobold closely misses you.
You shoot an arrow. The arrow closely misses the kobold.
You feel sick. The kobold hits you with a +0 club.
The kobold barely misses you.
You shoot an arrow. The arrow hits the kobold!
You kill the kobold!
You feel sick.
A nearby plant withers and dies.
The kobold hits you but does no damage.
A centaur comes into view. It is wielding a +0 war axe.
You shoot an arrow. The centaur shouts!
The arrow hits the kobold brigand.
The kobold brigand is moderately wounded.
You feel sick.
The kobold brigand hits you with a +0 whip.
You shoot an arrow.
The arrow barely misses the kobold brigand.
You feel sick. The kobold closely misses you.
The kobold brigand completely misses you.
The kobold hits you but does no damage.
You shoot an arrow.
The arrow closely misses the kobold brigand.
The arrow completely misses the kobold.
You feel sick.
The kobold hits the plant with a +0 whip.
The plant begins to die.
The kobold closely misses you.
The kobold brigand hits you with a +0 whip.
The kobold barely misses you.
You shoot an arrow. The arrow hits the kobold brigand!
The kobold brigand is almost dead.
You feel sick.
The kobold hits you but does no damage. x2
The kobold brigand closely misses you. The kobold barely misses you.
The kobold hits the plant with a +0 whip.
You shoot an arrow. The arrow hits the kobold brigand.
The kobold brigand is almost dead.
You die...

#.~~~P##
#..~~~~#
#.P~7~~##
#..~~~.P#
#..~~~~P##
#..P~Sc..#
#..P..~.#
#KK@#
#.KKK..#
#......#
#.......#
#.......#
#.......#
........#
#........#


You could see a kobold brigand, a centaur, an electric eel and 4 kobolds.

Vanquished Creatures
  Grinder (D:5)
  Sigmund (D:6)
  Menkaure (D:6)
  A steam dragon (D:7)
  Edmund (D:6)
  2 orc warriors
  An ice beast (D:7)
  3 sky beasts (D:7)
  2 black bears (D:5)
  A centaur (D:5)
  2 phantoms
  A kobold brigand (Sewer)
  A bullfrog (D:7)
  6 scorpions
  A howler monkey (D:5)
  A hound (D:5)
  An orc priest (D:5)
  A jelly (D:5)
  2 sleepcaps
  An iguana (D:4)
  3 orc wizards
  Robin (D:4)
  3 river rats
  7 adders
  2 shadow imps
  2 white imps
  2 ufetubi (D:5)
  A dart slug (D:1)
  4 ribbon worms
  9 orcs
  8 ball pythons
  5 endoplasms
  6 giant cockroaches
  12 hobgoblins
  4 jackals
  12 kobolds
  4 bats
  2 frilled lizards
  9 goblins
  8 rats
135 creatures vanquished.

Vanquished Creatures (others)
  A kobold brigand (D:7)
  An ufetubus (D:7)
  A kobold (D:7)
3 creatures vanquished.

Grand Total: 138 creatures vanquished

Notes
Turn   | Place    | Note
-------+----------+-------------------------------------------
     0 | D:1      | qw the Deep Elf Hunter began the quest for the Orb.
     0 | D:1      | Reached XP level 1. HP: 12/12 MP: 3/3
     0 | D:1      | 0 ||| qw: Version: 0.3-a-155-g5e7d8dd
     0 | D:1      | 0 ||| qw: Game counter: 3073
     0 | D:1      | 0 ||| qw: Melee chars always use a shield: true
     0 | D:1      | 0 ||| qw: God list: Okawaru
     0 | D:1      | 0 ||| qw: Allow faded altars: false
     0 | D:1      | 0 ||| qw: Do Orc after clearing Dungeon:15 true
     0 | D:1      | 0 ||| qw: Do second Lair branch before Depths: true
     0 | D:1      | 0 ||| qw: Lair rune preference: random
     0 | D:1      | 0 ||| qw: Goals: Normal
     0 | D:1      | 0 ||| PLANNING D:1-11
    90 | D:1      | Reached skill level 6 in Ranged Weapons
    90 | D:1      | Reached XP level 2. HP: 11/16 MP: 4/4
   315 | D:1      | Found a faded altar of an unknown god.
   537 | D:1      | 537 ||| UPGRADING to +0 scale mail.
   547 | D:1      | 547 ||| DROPPING +0 leather armour.
   548 | D:1      | 548 ||| READING 2 scrolls labelled IRAEMN JADDAECK.
   548 | D:1      | 548 ||| IDENTIFYING murky black potion
   549 | D:1      | 549 ||| READING scroll of identify.
   549 | D:1      | 549 ||| IDENTIFYING brown potion
   550 | D:1      | 550 ||| READING scroll labelled QAIPNU ROUMUARPH.
   582 | D:1      | 582 ||| READING scroll labelled NABEOPPE REHET.
   582 | D:1      | 582 ||| BRANDING +0 shortbow.
   583 | D:1      | 583 ||| DROPPING scroll of butterflies.
   584 | D:1      | 584 ||| DROPPING potion of attraction.
   712 | D:2      | Reached XP level 3. HP: 20/20 MP: 5/5
  1270 | D:2      | 1270 ||| READING scroll of identify.
  1270 | D:2      | 1270 ||| IDENTIFYING viscous blue potion
  1271 | D:2      | 1271 ||| READING scroll labelled PAG GATSACWIK.
  1272 | D:2      | 1272 ||| READING scroll labelled HOUNUO PIAQO.
  1273 | D:2      | 1273 ||| READING scroll labelled LOEDUST VAEXKUMN.
  1273 | D:2      | 1273 ||| ENCHANTING +0 shortbow of draining.
  1274 | D:2      | 1274 ||| DRINKING 2 fizzy inky potions.
  1275 | D:2      | 1275 ||| DROPPING potion of brilliance.
  1592 | D:3      | Reached skill level 7 in Ranged Weapons
  1612 | D:3      | Reached XP level 4. HP: 12/25 MP: 6/6
  1865 | D:3      | Found a hide-covered altar of Uskayaw.
  1978 | D:3      | 1978 ||| UPGRADING to ring of see invisible.
  1979 | D:3      | 1979 ||| READING 2 scrolls of identify.
  1979 | D:3      | 1979 ||| IDENTIFYING fizzy emerald potion
  1980 | D:3      | 1980 ||| READING scroll of identify.
  1980 | D:3      | 1980 ||| IDENTIFYING cyan potion
  1981 | D:3      | 1981 ||| DRINKING 2 bubbling black potions.
  1982 | D:3      | 1982 ||| DROPPING potion of berserk rage.
  1983 | D:3      | 1983 ||| DROPPING potion of lignification.
  2023 | D:4      | 2023 ||| PLANNING SEWER
  2071 | D:4      | Noticed an orc warrior
  2072 | D:4      | 2072 ||| DRINKING 2 potions of haste.
  2086 | D:4      | Killed an orc warrior
  2087 | D:4      | Reached skill level 8 in Ranged Weapons
  2087 | D:4      | Reached XP level 5. HP: 10/29 MP: 7/7
  2196 | D:4      | Found a runed translucent gate.
  2197 | D:4      | Found a runed translucent gate.
  2198 | D:4      | Found a runed translucent gate.
  2200 | D:4      | Noticed qw's ghost (amateur DEHu)
  2200 | D:4      | Noticed qw's ghost (amateur DEHu)
  2200 | D:4      | Noticed qw's ghost (novice SpHu)
  2200 | D:4      | Noticed qw's ghost (amateur SpHu)
  2379 | D:4      | Found a glowing drain.
  2380 | D:4      | 2380 ||| DROPPING +1 robe of positive energy.
  2381 | D:4      | 2381 ||| READING scroll of identify.
  2381 | D:4      | 2381 ||| IDENTIFYING lumpy coppery potion
  2382 | D:4      | 2382 ||| DROPPING potion of degeneration.
  2423 | Sewer    | Entered a sewer
  2428 | Sewer    | Reached skill level 9 in Ranged Weapons
  2614 | Sewer    | Reached skill level 1 in Armour
  2685 | Sewer    | Reached XP level 6. HP: 12/35 MP: 8/8
  2686 | Sewer    | HP: 8/35 [poisoned by a kobold brigand]
  2691 | Sewer    | HP: 4/35 [poisoned by a kobold brigand]
  2913 | Sewer    | 2913 ||| READING scroll of identify.
  2913 | Sewer    | 2913 ||| IDENTIFYING sapphire potion
  2914 | Sewer    | 2914 ||| DRINKING 3 ruby potions.
  2915 | Sewer    | 2915 ||| DROPPING potion of invisibility.
  2927 | D:4      | 2927 ||| PLANNING D:1-11
  3113 | D:4      | Noticed Robin
  3119 | D:4      | Killed Robin
  3128 | D:4      | Found a hazy altar of Hepliaklqana.
  3434 | D:4      | Reached skill level 10 in Ranged Weapons
  3434 | D:4      | HP: 8/35 [poisoned by a scorpion]
  3439 | D:4      | HP: 3/35 [poisoned by a scorpion]
  3441 | D:4      | HP: 1/35 [poisoned by a scorpion]
  3696 | D:4      | 3696 ||| UPGRADING to +2 helmet of see invisible.
  3701 | D:4      | 3701 ||| REMOVING ring of see invisible.
  3730 | D:5      | Entered Level 5 of the Dungeon
  3730 | D:5      | Noticed an orc warrior
  3731 | D:5      | 3731 ||| DRINKING potion of haste.
  3738 | D:5      | 3738 ||| STAIRDANCE
  3796 | D:5      | 3796 ||| STAIRDANCE
  3810 | D:5      | 3810 ||| STAIRDANCE
  3881 | D:5      | 3881 ||| STAIRDANCE
  3904 | D:5      | 3904 ||| STAIRDANCE
  3912 | D:5      | Killed an orc warrior
  3913 | D:5      | Reached XP level 7. HP: 40/40 MP: 9/9
  3938 | D:5      | Reached skill level 11 in Ranged Weapons
  3995 | D:5      | Reached skill level 3 in Dodging
  4308 | D:5      | 4308 ||| FLEEEEING.
  4318 | D:5      | Reached skill level 12 in Ranged Weapons
  4354 | D:5      | Noticed Grinder
  4355 | D:5      | Paralysed by Grinder for 4 turns
  4371 | D:5      | Paralysed by Grinder for 5 turns
  4376 | D:5      | HP: 7/40 [Grinder (5)]
  4376 | D:5      | HP: 1/40 [Grinder (6)]
  4377 | D:5      | 4377 ||| DRINKING 4 potions of heal wounds.
  4379 | D:5      | Killed Grinder
  4380 | D:5      | Reached skill level 3 in Fighting
  4380 | D:5      | Reached XP level 8. HP: 33/46 MP: 10/10
  4393 | D:5      | 4393 ||| FLEEEEING.
  4394 | D:5      | 4394 ||| FLEEEEING.
  4395 | D:5      | 4395 ||| FLEEEEING.
  4396 | D:5      | 4396 ||| FLEEEEING.
  4397 | D:5      | 4397 ||| FLEEEEING.
  4398 | D:5      | 4398 ||| FLEEEEING.
  4399 | D:5      | 4399 ||| FLEEEEING.
  4400 | D:5      | 4400 ||| FLEEEEING.
  4401 | D:5      | 4401 ||| FLEEEEING.
  4402 | D:5      | 4402 ||| FLEEEEING.
  4636 | D:5      | 4636 ||| SWAPPING to +0 orcbow.
  4637 | D:5      | 4637 ||| DROPPING +0 shortbow of draining.
  4775 | D:5      | Found a staircase to the Ecumenical Temple.
  4776 | D:5      | 4776 ||| PLANNING TEMPLE
  4826 | D:5      | Reached skill level 13 in Ranged Weapons
  5060 | D:5      | 5060 ||| UPGRADING to +0 pair of gloves.
  5065 | D:5      | 5065 ||| READING scroll of enchant armour.
  5065 | D:5      | 5065 ||| ENCHANTING +0 pair of gloves.
  5066 | D:5      | 5066 ||| READING scroll of identify.
  5066 | D:5      | 5066 ||| IDENTIFYING red potion
  5067 | D:5      | 5067 ||| READING scroll labelled EWI ZIACVIAMM.
  5068 | D:5      | 5068 ||| READING scroll labelled SIAKHL FAISS.
  5126 | D:6      | Noticed Menkaure
  5130 | D:6      | Killed Menkaure
  5209 | D:6      | Noticed Edmund
  5225 | D:6      | HP: 6/31 [Edmund/+0 flail of draining (5)]
  5226 | D:6      | 5226 ||| DRINKING 3 potions of heal wounds.
  5228 | D:6      | Killed Edmund
  5311 | D:6      | Noticed Sigmund
  5316 | D:6      | Killed Sigmund
  5317 | D:6      | Reached skill level 14 in Ranged Weapons
  5798 | D:6      | Reached XP level 9. HP: 30/51 MP: 11/11
  5807 | D:6      | HP: 12/51 [poisoned by a scorpion]
  5972 | Temple   | Entered the Ecumenical Temple
  5973 | Temple   | 5973 ||| PLANNING OKAWARU WORSHIP
  5994 | Temple   | Became a worshipper of Warmaster Okawaru
  5995 | Temple   | 5995 ||| PLANNING D:1-11
  6251 | D:6      | 6251 ||| READING scroll of identify.
  6251 | D:6      | 6251 ||| IDENTIFYING golden potion
  6259 | D:7      | 6259 ||| PLANNING OSSUARY
  6322 | D:7      | Found an ornate altar of the Wu Jian Council.
  6488 | D:7      | Reached skill level 15 in Ranged Weapons
  6758 | D:7      | 6758 ||| Stepping ~*~*~tactically~*~*~ (cloud).
  6768 | D:7      | Reached * piety under Okawaru
  6771 | D:7      | HP: 11/52 [steam dragon/ball of steam (14)]
  6772 | D:7      | 6772 ||| READING scroll of teleportation.
  6773 | D:7      | 6773 ||| DRINKING 2 potions of heal wounds.
  6775 | D:7      | 6775 ||| DRINKING potion of heal wounds.
  6777 | D:7      | HP: 13/52 [kobold/+0 club (2)]
  6779 | D:7      | HP: 5/52 [kobold brigand/+0 whip (4)]
  6781 | D:7      | HP: 2/52 [kobold brigand/+0 whip (2)]
  6783 | D:7      | Succumbed to a kobold brigand's poison

Levels and vault maps discovered:
D:1:      nagdon_arrival_double_spiral, layout_basic,
          shapermc_ecumenical_altar_hornbeckon
D:2:      layout_loops_ring, minmay_domino_2
D:3:      layout_basic, nicolae_uskayaw_murder_on_the_dancefloor
D:4:      layout_loops_corners, mainiacjoe_overflow_cross_hatched,
          gammafunk_ghost_cemetery, portal_sewer_entry_c, minmay_distorted,
          uniq_robin
D:5:      layout_cave_pods, minmay_temple_entry_from_below_a, st_stairs_3,
          uniq_grinder
D:6:      layout_loops_cross, sigmund_edmund_badplayer, uniq_menkaure
D:7:      layout_cave_pods, mainiacjoe_overflow_alcove_4,
          nzn_wu_jian_contemplation, gup_ossuary_entry_pyramid,
          serial_bayou_lagoon_a, minmay_chambers_of_fives
Temple:   nicolae_temple_superstar

Skill      XL: |  1  2  3  4  5  6  7  8  9 |
---------------+----------------------------+-----
Ranged Weapons | 6 7 8 9 10 12 14 15 | 15.1
Fighting       | 2 3 4 |  4.2
Armour         | 1 2 |  2.4
Dodging        | 3 4 |  4.2
Stealth        | |  1.2
Invocations    | |  0.6

Action                     |  1- 3 |  4- 6 |  7- 9 || total
---------------------------+-------+-------+-------++-------
   Fire: Shortbow          |   106 |   169 |   110 ||   385
         Orcbow            |       |       |   141 ||   141
    Use: Scroll            |     8 |     4 |     6 ||    18
         Potion            |     1 |     4 |     4 ||     9
 Armour: Leather armour    |     8 |       |       ||     8
         Scale mail        |    20 |    60 |   130 ||   210
  Dodge: Dodged            |    17 |    37 |    55 ||   109

Table legend:
 A = Non-vault XP
 B = Vault XP
 C = Vault XP percentage of total XP
 D = Non-vault monster count
 E = Vault monster count
 F = Vault count percentage of total count
                 A         B        C        D         E       F
            +---------+---------+-------+---------+---------+-------
      Total |    2319 |    1588 |  40.6 |      85 |      52 |  38.0
            +---------+---------+-------+---------+---------+-------
        D:1 |      33 |       0 |   0.0 |      19 |       0 |   0.0
        D:2 |       6 |       8 |  57.1 |       6 |       2 |  25.0
        D:3 |      60 |       0 |   0.0 |      15 |       0 |   0.0
        D:4 |     182 |     194 |  51.6 |       9 |      22 |  71.0
        D:5 |    1017 |     380 |  27.2 |      21 |       3 |  12.5
        D:6 |     327 |     577 |  63.8 |       5 |       3 |  37.5
        D:7 |     694 |     240 |  25.7 |      10 |       3 |  23.1
      Sewer |       0 |     189 | 100.0 |       0 |      19 | 100.0
            +---------+---------+-------+---------+---------+-------
